Unix NetHack Version 5.0.0-0 post-release - last build Jul 14 2026 02:55:29 (1809b74e8187c3a3585e283601c3028b46cbbdcb,branch:main).

Game began 2026-07-17 16:24:25, ended 2026-07-18 19:59:42.

Brudee, chaotic female human Rogue

                                                                 ---
                                                               ....-
                                                             .G.G
                                                  -------- ...-
                                                  -....[@h...-
                                                    ----.G...-
                                                       -......|
                                                        .|.....(
                                                       ---........
                                                           ......-
                                                           .|..---
                                                           -----

Brudee the Cutpurse     St:12 Dx:18 Co:14 In:8 Wi:11 Ch:12  Chaotic S:642
Dlvl:4  $:128 HP:0(23) Pw:9(9) AC:4  Xp:3/61 T:1383 

Latest messages:
 You climb up the stairs.
 You swap places with Sparky.
 You swap places with Sparky.
 You climb up the stairs.
 You miss the lichen.
 You hit the lichen.
 You kill the lichen!
 You see here a lichen corpse.
 You see here a lichen corpse.
 There is a lichen corpse here; eat it? [ynq] (n) y
 This lichen corpse tastes terrible!
 You finish eating the lichen corpse.
 You descend the stairs.
 Sparky bites the dwarf.
 The dwarf wields a broad short sword!
 In what direction? l
 The dagger hits the dwarf.
 Sparky bites the dwarf.
 The dwarf is killed!
 The gnome misses!
 Sparky misses the dwarf.
 In what direction? l
 The dagger hits the dwarf.
 Sparky misses the dwarf.
 The dwarf thrusts her broad short sword.
 The dwarf hits!
 The gnome picks up 2 slime molds.
 Sparky bites the dwarf.
 The dwarf thrusts her broad short sword at Sparky.
 The dwarf hits Sparky.
 Sparky is killed!
 In what direction? l
 The dagger misses the dwarf.
 The dwarf thrusts her broad short sword.
 The dwarf hits!
 In what direction? l
 The dagger misses the dwarf.
 The gnome hits!
 In what direction? l
 The dagger hits the dwarf.
 The gnome hits!
 In what direction? l
 The dagger hits the dwarf.
 The dwarf thrusts her broad short sword.
 The dwarf hits!
 The gnome hits!
 You die...
 Do you want your possessions identified? [ynq] (y) y
 Do you want to see your attributes? [ynq] (y) y
 Do you want an account of creatures vanquished? [ynaq] (y) q

Inventory:
 Coins    ('$')
  $ - 128 gold pieces
 Weapons  (')')
  b - a +0 dagger (weapon in right hand)
  g - 6 +0 daggers (at the ready)
  k - a +2 knife
 Armor    ('[')
  v - an uncursed +0 elven shield (being worn)
  q - an uncursed +0 cloak of displacement (being worn)
  c - an uncursed +1 leather armor (being worn)
 Comestibles  ('%')
  p - an uncursed food ration
 Scrolls  ('?')
  j - a blessed scroll of earth
  s - an uncursed scroll of enchant armor
  z - an uncursed scroll of magic mapping
  a - an uncursed scroll of remove curse
  l - a cursed scroll of scare monster
 Spellbooks  ('+')
  x - an uncursed spellbook of detect monsters
  h - an uncursed spellbook of light
  m - an uncursed spellbook of light
 Potions  ('!')
  i - a blessed potion of healing
  n - 2 uncursed potions of healing
  t - a cursed potion of healing
  d - an uncursed potion of sickness
 Wands    ('/')
  u - a wand of digging (0:6)
  y - a wand of secret door detection (0:12)
  w - a wand of secret door detection (0:10)
 Tools    ('(')
  f - an empty uncursed sack
  e - an uncursed lock pick

Brudee the Rogue's attributes:

Background:
 You were a Cutpurse, a level 3 female human Rogue.
 You were chaotic, nominally on a mission for Kos
 who was opposed by Issek (lawful) and Mog (neutral).
 You were right-handed.
 You were in the Gnomish Mines, on level 4.
 You entered the dungeon 1383 turns ago.
 You had 61 experience points, 19 more were needed to attain level 4.
 Your score was 642 before end-of-game adjustments.

Basics:
 You had 0 out of 23 hit points.
 You had all 9 energy points (spell power).
 Your armor class was 4.
 Your wallet contained 128 zorkmids.
 Autopickup was on for '$!=+?/"' plus thrown.

Final Characteristics:
 Your strength was 12 (limit:18/100).
 Your dexterity was 18 (limit:18).
 Your constitution was 14 (limit:18).
 Your intelligence was 8 (limit:18).
 Your wisdom was 11 (limit:18).
 Your charisma was 12 (limit:18).

Final Status:
 You weren't hungry.
 You were unencumbered.
 You were wielding a dagger.
 You had basic skill with dagger.

Final Attributes:
 You were devoutly aligned.
 You were displaced.
 You were stealthy.
 You were warded.
 You are dead.

Miscellaneous:
 You didn't encounter any bones levels.
 Total elapsed playing time was 53 minutes and 55 seconds.

Major events:
 Turn
    1: Brudee the chaotic female human Rogue entered the dungeon
  334: entered the Gnomish Mines
 1015: attained the rank of Cutpurse (level 3)
 1383: killed by a gnome

Spells:
 Name                 Level Category     Fail Retention
 light                  1   divination    98%  76%-100%

Skills:
 Fighting Skills
   bare handed combat [Unskilled]
   two weapon combat  [Unskilled]
   riding             [Unskilled]
 Weapon Skills
   dagger             [Basic]
   knife              [Unskilled]
   short sword        [Basic]
   broadsword         [Unskilled]
   long sword         [Unskilled]
   two-handed sword   [Unskilled]
   saber              [Unskilled]
   club               [Unskilled]
   mace               [Unskilled]
   morning star       [Unskilled]
   flail              [Unskilled]
   hammer             [Unskilled]
   polearms           [Unskilled]
   spear              [Unskilled]
   crossbow           [Unskilled]
   dart               [Unskilled]
   shuriken           [Unskilled]
 Spellcasting Skills
   divination spells  [Unskilled]
   escape spells      [Unskilled]
   matter spells      [Unskilled]

Voluntary challenges:
 Character rerolling was not enabled.
 You were an atheist.
 You never genocided any monsters.
 You never polymorphed an object.
 You never changed form.
 You used no wishes.
Achievements:
 You entered the Gnomish Mines.
 You attained the rank of Cutpurse.

 The Dungeons of Doom: levels 1 to 6
    Level 1:
    Level 2:
       A fountain.
    Level 3:
       A fountain.
       Stairs down to The Gnomish Mines.
    Level 4:
       A fountain, a grave.
    Level 5:
    Level 6:
 The Gnomish Mines:
    Level 4: <- You were here.
       Final resting place for
          you, killed by a gnome.


Vanquished creatures:
  a floating eye
  a kitten
  a dwarf
  a wererat
 an iguana
 an acid blob
  3 giant rats
  a cave spider
  a yellow mold
  2 geckos
  2 jackals
  a goblin
  4 sewer rats
  a grid bug
  a lichen
  2 kobold zombies
  4 newts
28 creatures vanquished.

No species were genocided or became extinct.

Game over:
                       ----------
                      /          \
                     /    REST    \
                    /      IN      \
                   /     PEACE      \
                  /                  \
                  |      Brudee      |
                  |      128 Au      |
                  |   killed by a    |
                  |      gnome       |
                  |                  |
                  |                  |
                  |       2026       |
                 *|     *  *  *      | *
        _________)/\\_//(\/(/\)/\//\/|_)_______

Goodbye Brudee the Rogue...

You died in The Gnomish Mines on dungeon level 4 with 630 points,
and 128 pieces of gold, after 1383 moves.
You were level 3 with a maximum of 23 hit points when you died.

